 Dungeon Crawl Stone Soup version 0.27.0-1-g7a089689b8 (webtiles) character file.

Game seed: 523366217764197603

3 Spectrina the Ducker (level 1, -7/13 HPs)
             Began as a Deep Elf Monk on Aug 1, 2021.
             Mangled by an orc (10 damage)
             ... on level 3 of the Dungeon.
             The game lasted 00:01:18 (197 turns).

Spectrina the Ducker (Deep Elf Monk)                 Turns: 197, Time: 00:01:18

Health: -7/13      AC:  2    Str:  8    XL:     1   Next: 41%
Magic:  3/3        EV: 13    Int: 14    God:
Gold:   12         SH:  0    Dex: 17    Spells: 0/0 levels left

rFire    + . .     SeeInvis .   e - +0 dagger
rCold    . . .     Faith    .   (no shield)
rNeg     . . .     Spirit   .   b - +0 robe
rPois    .         Reflect  .   (no helmet)
rElec    .         Harm     .   (no cloak)
rCorr    .         Rampage  .   (no gloves)
Will     .....                  (no boots)
Stlth    ++........             (no amulet)
HPRegen  0.04/turn              d - ring of protection from fire
MPRegen  0.08/turn              (no ring)

@: no status effects
A: no striking features
a: no special abilities


You were on level 3 of the Dungeon.
You visited 1 branch of the dungeon, and saw 4 of its levels.

You collected 12 gold pieces.

Inventory:

Hand Weapons
 a - a +0 short sword
 e - a +0 dagger (weapon)
Missiles
 c - 80 stones (quivered)
 f - 17 poisoned darts
 g - 18 bolts
Armour
 b - a +0 robe (worn)
Jewellery
 d - a ring of protection from fire (left hand)
Potions
 h - a potion of haste {unknown}


   Skills:
 - Level 2.4 Fighting
 - Level 3.0 Short Blades
 - Level 3.6 Dodging
 + Level 2.9 Stealth


You couldn't memorise any spells.
You didn't know any spells.
Your spell library was empty.

Dungeon Overview and Level Annotations

Branches:
Dungeon (4/15)
 Temple: D:4-7

Altars:
Wu Jian


Message History

c - 43 stones (gained 16)
c - 60 stones (gained 17)
A giant cockroach comes into view.
Found 12 gold pieces and 20 stones.
Found a runed scale mail.
The helpless giant cockroach fails to defend itself.
You impale the giant cockroach!!
You kill the giant cockroach!
You now have 12 gold pieces.
Found a stone staircase leading down.
c - 80 stones (gained 20)
There is a stone staircase leading down here.
You climb downwards.
A hound, a scorpion, a hobgoblin and 5 orcs come into view.
The orc shouts!
The hobgoblin shouts!
The orc warrior shouts!
The orc wizard shouts!
The orc shouts!
The orc wizard shouts!
The hound barks!
You hear an angry hiss.
The scorpion stings you but does no damage.
The orc wizard gestures wildly while chanting.
The orc wizard flickers and vanishes!
Deactivating autopickup; reactivate with Ctrl-A.
You hear a shout! x2
Found an encrusted cabochon ring and 20 gold pieces.
There is a stone staircase leading up here.
Unknown command.
Unknown command.
You aren't carrying any scrolls.
You aren't carrying any items that you can evoke.
Unknown command.
The scorpion stings you. The orc hits you with a +3 flail!
Ouch! That really hurt!
* * * LOW HITPOINT WARNING * * *
You climb upwards.
Reactivating autopickup.
There is a stone staircase leading down here.
Unknown command.
The orc barely misses you. The scorpion closely misses you.
The orc hits you with a +3 flail!
Ouch! That really hurt!
You die...

##....##......######.######...#
....###
........###.#........### ....#
....................##. ....##
....#######.........##.
........ .
....................> ....#...
##s....##......#. ....#...
#.###..#........ ....# .
###.#............. ....#
+@o...##.######... ....#
............##.. ###. #+#.#
.....######.###.# #. ... ####
#.# .# #. g #.#.# . #.. ..


You could see an orc.

Vanquished Creatures
  A bat (D:3)
  A giant cockroach (D:3)
  A rat (D:2)
3 creatures vanquished.

Notes
Turn   | Place    | Note
-------+----------+-------------------------------------------
     0 | D:1      | Spectrina the Deep Elf Monk began the quest for the Orb.
     0 | D:1      | Reached XP level 1. HP: 13/13 MP: 3/3
    97 | D:4      | Noticed a gnoll shaman
   133 | D:3      | Found an ornate altar of the Wu Jian Council.
   178 | D:4      | Noticed an orc warrior
   178 | D:4      | Noticed an orc wizard
   178 | D:4      | Noticed an orc wizard
   178 | D:4      | Noticed a scorpion
   178 | D:4      | Noticed a hound
   197 | D:3      | Mangled by an orc

Illustrated notes

Levels and vault maps discovered:
D:1:      amcnicky_arrival_single_pillar, layout_loops_ring
D:2:      minmay_wonky_spiral, layout_basic, uniq_sigmund
D:3:      layout_basic, nzn_wu_jian_contemplation, minmay_cut_off
D:4:      layout_basic, okawaru_ov_weapons_minmay, mainiacjoe_overflow_catwalk

Action                   || total
-------------------------++-------
Melee: Dagger            ||     9
 Stab: Sleeping          ||     1
Armor: Robe              ||     3
Dodge: Dodged            ||     9
